 Dungeon Crawl Stone Soup version 0.25.1-1-g288607f5aa (webtiles) character file.

Game seed: 1332505287956683020

2062 Delamore the Basher (level 9, -8/51 HPs)
             Began as a Gargoyle Fighter on July 20, 2020.
             Was a Follower of Okawaru.
             Blown up by Joseph (24 damage)
             ... with a disintegration bolt
             ... on level 7 of the Dungeon.
             The game lasted 00:09:10 (7453 turns).

Delamore the Basher (Gargoyle Fighter)              Turns: 7453, Time: 00:09:10

Health: -8/51      AC: 18    Str: 23    XL:     9   Next: 25%
Magic:  9/9        EV: 13    Int:  9    God:    Okawaru [*.....]
Gold:   278        SH:  4    Dex:  9    Spells: 6/8 levels left

rFire    . . .     SeeInvis .   m - +2 flail (holy)
rCold    . . .     Gourm    .   n - +0 buckler
rNeg     + . .     Faith    .   b - +0 scale mail
rPois    ∞         Spirit   .   (no helmet)
rElec    +         Reflect  .   (no cloak)
rCorr    .         Harm     .   (no gloves)
MR       .....                  I - +0 pair of boots
Stlth    ..........             (no amulet)
HPRegen  0.17/turn              v - +4 ring of protection
MPRegen  0.11/turn              r - +4 ring of evasion

@: no status effects
A: negative energy resistance 1, electricity resistance, unbreathing,
petrification resistance, rot immunity, AC +6
a: Heroism, Renounce Religion


You were on level 7 of the Dungeon.
You worshipped Okawaru.
Okawaru was aware of your devotion.
You were not hungry.

You visited 2 branches of the dungeon, and saw 8 of its levels.
You also visited: Sewer and Ossuary.

You collected 278 gold pieces.

Inventory:

Hand Weapons
 a - a +0 flail
 m - a +2 flail of holy wrath (weapon)
Missiles
 w - 9 javelins (quivered)
 x - 3 atropa-tipped darts
Armour
 b - a +0 scale mail (worn)
 c - a +0 kite shield
 n - a +0 buckler (worn)
 I - a +0 pair of boots (worn)
Jewellery
 r - a +4 ring of evasion (right hand)
 s - an uncursed ring of resist corrosion
 v - a +4 ring of protection (left hand)
Wands
 j - a wand of acid (5)
 k - a wand of paralysis (9)
 A - a wand of enslavement (9)
Scrolls
 g - 2 scrolls of blinking
 h - a scroll of random uselessness
 i - 4 scrolls of magic mapping
 l - 8 scrolls of teleportation
 o - 3 scrolls of enchant weapon {unknown}
 p - 2 scrolls of fog
 q - 3 scrolls of enchant armour
 y - 4 scrolls of remove curse
 B - 2 scrolls of noise
 C - a scroll of silence
 D - a scroll of immolation
 E - a scroll of fear
 K - a scroll of amnesia {unknown}
Potions
 d - 5 potions of might
 e - 5 potions of brilliance
 t - 3 potions of curing
 u - 3 potions of flight
 z - a potion of cancellation
 F - a potion of heal wounds
 G - a potion of lignification
 J - a potion of stabbing {unknown}
 L - a potion of berserk rage {unknown}
Comestibles
 f - 15 rations
 H - 4 chunks of flesh


   Skills:
 - Level 3.2 Fighting
 + Level 11.8 Maces & Flails
 - Level 3.2 Armour
 - Level 3.2 Shields


You had 6 spell levels left.
You knew the following spells:

 Your Spells              Type           Power        Failure   Level  Hunger
a - Blink                 Tloc           N/A          86%         2    ###....

Your spell library contained the following spells:

 Spells                   Type           Power        Failure   Level  Hunger
 Beastly Appendage        Tmut           #.....       73%         1    ##.....
 Magic Dart               Conj           #...         73%         1    ##.....
 Call Imp                 Summ           #.......     86%         2    ###....
 Slow                     Hex            #.......     86%         2    ###....
 Sticks to Snakes         Tmut           #.......     86%         2    ###....
 Conjure Flame            Conj/Fire      #.......     97%         3    ####...
 Mephitic Cloud           Conj/Pois/Air  #.......     97%         3    ####...
 Spider Form              Tmut/Pois      #.........   97%         3    ####...
 Ice Form                 Ice/Tmut       #.......     100%        4    #####..
 Blade Hands              Tmut           #.........   100%        5    ######.


Dungeon Overview and Level Annotations

Branches:
Dungeon (7/15)             Temple (1/1) D:4           Sewer (visited)
Ossuary (visited)

Altars:
Dithmenos
Elyvilon
Fedhas
Kikubaaqudgha
Makhleb
Nemelex Xobeh
Okawaru
Ru
Sif Muna
Uskayaw

Annotations:
D:7 Joseph


Innate Abilities, Weirdness & Mutations

You are resistant to torment.
Your stone body is resilient. (AC +6)
You are immune to poison.
You resist negative energy. (rN+)
You are resistant to electric shocks. (rElec)
You can survive without breathing.
You are immune to petrification.
You are immune to rotting.


Message History

Aim: an adder skeleton (moderately damaged)
Okay, then.
You thump the adder skeleton!
You destroy the adder skeleton!
Okawaru accepts your kill.
Joseph shoots a sling bullet.
The sling bullet closely misses you.
Joseph unwields a +0 hunting sling.
Joseph wields a +0 quarterstaff.
Joseph misses you.
You sock Joseph!
Joseph is lightly wounded.
You hit Joseph.
Joseph is moderately wounded.
Joseph barely misses you.
You hit Joseph.
Joseph is moderately wounded.
Joseph zaps a wand.
You are blasted!
You closely miss Joseph.
Joseph is moderately wounded.
Joseph zaps a wand.
You are blasted!
You die...

#.###...##.# #.## #..........#
#.# #####...##.######.#
##..........#.# #####.####)#.#
#.# #.#.# ****#######* #.# #)#.#
*,,,.......#######.# #.#.#
*,**......@@(....(.# #.#.#
*,**.###.#.#####(### #.#.#
*,**,* *,#.* #.# #.#.# *,**,*
*,#.* *#.#* #<#.# ******,**,*
*,#.* **...** #.#.# ,,,,**,**,*
*,#.***,....####.#.# ***,**,**,*
*,..,,,............#
,,,,,,,,,,***,.#***.....########
***,*****,,,,,,***##$..##


You could see Joseph.

Vanquished Creatures
  Eustachio (D:4)
  Edmund (D:4)
  5 ogres
  An ice beast (D:6)
  A sky beast (D:5)
  3 bullfrogs
  A crimson imp (D:5)
  A bullfrog zombie (D:6)
  A centaur zombie (D:7)
  A hound (D:5)
  2 orc wizards
  2 iguanas
  Ijyb (D:4)
  A centaur skeleton (D:4)
  6 worker ants
  2 hound skeletons
  12 mummies (Ossuary)
  A worker ant zombie (D:5)
  7 gnolls
  12 adders
  4 river rats (Sewer)
  2 shadow imps
  3 oozes
  2 adder skeletons
  A worm (D:4)
  3 dart slugs
  6 leopard geckos
  14 orcs
  A giant cockroach (D:3)
  6 hobgoblins
  9 jackals
  2 quokkas
  15 ball pythons
  7 bats
  10 frilled lizards
  2 gnoll skeletons (Ossuary)
  6 goblins
  4 goblin skeletons (Ossuary)
  9 kobolds
  A kobold skeleton (Ossuary)
  An orc skeleton (Ossuary)
  28 rats
  11 rat skeletons (Ossuary)
209 creatures vanquished.

Notes
Turn   | Place    | Note
-------+----------+-------------------------------------------
     0 | D:1      | Delamore the Gargoyle Fighter began the quest for the Orb.
     0 | D:1      | Reached XP level 1. HP: 14/14 MP: 1/1
    82 | D:1      | Reached XP level 2. HP: 19/19 MP: 2/2
   195 | D:1      | Reached skill level 3 in Maces & Flails
   475 | D:2      | Reached XP level 3. HP: 23/23 MP: 3/3
   957 | D:2      | Reached skill level 4 in Maces & Flails
  1253 | D:3      | Reached XP level 4. HP: 16/28 MP: 4/4
  1358 | D:3      | Found a glowing drain.
  1368 | Sewer    | Entered a sewer
  1944 | Sewer    | Reached skill level 5 in Maces & Flails
  1944 | Sewer    | Reached XP level 5. HP: 12/32 MP: 5/5
  2545 | Sewer    | HP: 1/32 [bullfrog (5)]
  2572 | Sewer    | Reached skill level 6 in Maces & Flails
  2572 | Sewer    | Reached XP level 6. HP: 16/37 MP: 6/6
  3665 | D:4      | Reached skill level 7 in Maces & Flails
  3901 | D:4      | Noticed Edmund
  3907 | D:4      | Noticed Ijyb
  3925 | D:4      | Killed Edmund
  3925 | D:4      | Reached XP level 7. HP: 33/41 MP: 7/7
  3929 | D:4      | Killed Ijyb
  4116 | D:4      | Reached skill level 8 in Maces & Flails
  4343 | D:4      | Noticed Eustachio
  4365 | D:4      | Killed Eustachio
  4462 | D:4      | Found a staircase to the Ecumenical Temple.
  4490 | Temple   | Entered the Ecumenical Temple
  4604 | Temple   | Became a worshipper of Warmaster Okawaru
  4825 | D:5      | Entered Level 5 of the Dungeon
  5195 | D:5      | Reached skill level 9 in Maces & Flails
  5199 | D:5      | Reached XP level 8. HP: 46/46 MP: 8/8
  5714 | D:5      | Learned a level 2 spell: Blink
  5798 | D:6      | Reached skill level 10 in Maces & Flails
  5927 | D:6      | Reached * piety under Okawaru
  6491 | D:7      | Found a sand-covered staircase.
  6500 | Ossuary  | Entered an ossuary
  6543 | Ossuary  | Reached skill level 11 in Maces & Flails
  6717 | Ossuary  | Reached XP level 9. HP: 51/51 MP: 9/9
  7439 | D:7      | Noticed Joseph
  7453 | D:7      | Blown up by Joseph

Illustrated notes

Levels and vault maps discovered:
D:1:      ncdulo_smallfort, layout_rooms
D:2:      layout_basic, hangedman_decor_slide_cut, minmay_misc_feat_roman
D:3:      layout_loops_cross, cheibrodos_sewer_entry_drain,
          nrook_mini_backslash, skrybe_limestone_x, minmay_misc_feat_columns
D:4:      layout_gridville, minmay_temple_entry_glassed_door, serial_glass,
          glass_columns_b, glass_columns_a, glass_columns_b, glass_columns_b,
          glass_columns_a, glass_columns_a, glass_columns_b, glass_columns_b,
          glass_columns_a, glass_columns_a, glass_columns_b, glass_columns_a,
          glass_columns_b, glass_columns_b, hangedman_abyss_or_decor_passed,
          kennysheep_generic_room_16, uniq_ijyb, uniq_edmund, uniq_eustachio
D:5:      layout_loops_corners, first_ration
D:6:      layout_gridville, chequers_hall_statues_corner_a
D:7:      layout_loops_ring, lightli_ossuary_entry_decrepit_ruins,
          grunt_ogre_cave, uniq_joseph
Temple:   roderic_octagonal_lattice_temple

Skill      XL: |  1  2  3  4  5  6  7  8 |
---------------+-------------------------+-----
Maces & Flails | 3 4 5 6 7 9 11 | 11.8
Fighting       | |  3.2
Armour         | |  3.2
Shields        | |  3.2

Action                   |  1- 3 |  4- 6 |  7- 9 || total
-------------------------+-------+-------+-------++-------
Melee: Flail             |    81 |   407 |   311 ||   799
Throw: Javelin           |       |     9 |    15 ||    24
       Dart              |       |     3 |     3 ||     6
  Use: Scroll            |       |     6 |    10 ||    16
       Potion            |       |     4 |       ||     4
  Eat: Chunk             |       |    11 |    11 ||    22
Armor: Scale mail        |    56 |   409 |   113 ||   578
Dodge: Dodged            |    38 |   372 |   137 ||   547
Block: Kite shield       |    16 |       |       ||    16
       Buckler           |    17 |   143 |    45 ||   205
